Map: Romanticide LE

Players

Reynor - Winner!

  • Race: Zerg Zerg
  • League: Master
  • Spawn Location: 5:00

Geralt (Gerald)

  • Race: Protoss Protoss
  • League: Grandmaster
  • Spawn Location: 11:00

Event: DreamHack SC2 Masters 2020 Winter

VOD

Have the link to the VOD?

Description

Time

  • Played on: Oct. 24, 2020, 12:49 p.m.
  • Length: 3:07

All games in this series

Show
View Real Time Build Order
Export as new Build Order

Reynor Zerg - Winner!

Build Orders: Pool First 

Get SALT Encoding   

  12  0:00  Drone  
  13  0:12  Drone  
  14  0:25  Spawning Pool  
  13  0:29  Drone  
  14  0:57  Hatchery  
  13  0:58  Drone  
  14  1:06  Overlord  
  14  1:14  Extractor, Zergling x2  
  14  1:16  Extractor  
  14  1:18  Zergling x2  
  14  1:24  Zergling x2  
  17  1:31  Zergling x2  
  18  1:42  Drone  
  19  1:52  Hatchery  
  18  1:59  Zergling x2  
  19  2:08  Queen  
  21  2:09  Zergling x2  
  21  2:12  Drone  
  23  2:23  Zergling x2  
  23  2:29  Drone, Overlord  
  25  2:31  Zergling x2  
  26  2:37  Drone  
  26  2:43  Zergling x2  
  28  2:54  Drone  
Show
View Real Time Build Order
Export as new Build Order

Geralt Protoss 

Build Orders:  

Get SALT Encoding   

  12  0:00  Probe  
  13  0:12  Probe  
  14  0:20  Pylon  
  14  0:24  Probe  
  15  0:29  Assimilator  
  15  0:38  Probe (Chrono Boost)  
  16  0:44  Gateway  
  16  0:47  Probe (Chrono Boost)  
  17  0:52  Probe (Chrono Boost)  
  18  1:04  Probe  
  18  1:06  Gateway  
  19  1:17  Probe  
  20  1:22  Pylon  
  20  1:31  Cybernetics Core  
  20  1:32  Zealot (Chrono Boost)  
  22  1:37  Probe  
  23  1:49  Probe  
  23  1:51  Zealot (Chrono Boost)  
  26  2:01  Probe  
  27  2:04  Assimilator  
  27  2:07  Gateway  
  29  2:17  Adept (Chrono Boost)  
  29  2:18  Adept (Chrono Boost)  
  31  2:33  Probe  
  29  2:37  Pylon  
  28  2:45  Probe  
  28  3:02  Robotics Facility  
Tags
 
Add a new tag
Caveats
  • Supply blocks, unpowered buildings, or Contaminate may cause inaccurate times.
  • Supply counts are checked every 10 seconds.